 Dungeon Crawl Stone Soup version 0.16-a0-3458-g6d2551d (webtiles) character file.

59 Minkie the Vexing (level 3, -1/19 HPs)
             Began as a Deep Elf Enchanter on Jan 1, 2015.
             Slain by Grinder (4 damage)
             ... while paralysed by Grinder
             ... on level 3 of the Dungeon.
             The game lasted 00:08:44 (1803 turns).

Minkie the Vexing (Deep Elf Enchanter)              Turns: 1803, Time: 00:08:44

Health: -1/19      AC:  5    Str:  5    XL:     3   Next: 78%
Magic:  11/11      EV:  2    Int: 20    God:
Gold:   134        SH:  0    Dex: 15    Spells: 2 memorised, 6 levels left

rFire  . . .     SeeInvis .     a - +1 dagger
rCold  . . .     Clarity  .     b - +1 robe
rNeg   . . .     SustAb   .     (no shield)
rPois  .         Gourm    .     (no helmet)
rElec  .         Spirit   .     k - +0 cloak
rCorr  .         Warding  .     p - +0 pair of gloves
rMut   .         Stasis   .     (no boots)
MR     .....                    (no amulet)
Stlth  +++.......               (no ring)
                                (no ring)

@: paralysed, not resistant to hostile enchantments, fairly stealthy
A: no striking features
a: no special abilities


You were on level 3 of the Dungeon.
You were not hungry.

You visited 1 branch of the dungeon, and saw 3 of its levels.

You collected 134 gold pieces.

Inventory:

Hand weapons
 a - a +1 dagger (weapon)
Missiles
 g - 8 javelins (quivered)
Armour
 b - a +1 robe (worn)
 k - a +0 cloak (worn)
 p - a +0 pair of gloves (worn)
Jewellery
 m - an uncursed ring of flight
Scrolls
 e - 2 scrolls of remove curse {unknown}
 f - a scroll of fog {unknown}
 i - 3 scrolls of identify {unknown}
 l - a scroll of enchant weapon {unknown}
 n - 2 scrolls of random uselessness {unknown}
 o - a scroll of noise {unknown}
 q - a scroll of recharging {unknown}
 s - a scroll of teleportation {unknown}
Potions
 h - a potion of resistance {unknown}
 t - a potion of heal wounds {unknown}
Books
 c - a book of Maledictions

   Spells                             Type                      Level
   a - Corona                         Hexes                        1
   b - Sure Blade                     Hexes/Charms                 2
   c - Ensorcelled Hibernation        Hexes/Ice                    2
   d - Confuse                        Hexes                        3
   e - Dazzling Spray                 Conjuration/Hexes            3
   f - Enslavement                    Hexes                        4
 u - a book of Cantrips

   Spells                             Type                      Level
   a - Corona                         Hexes                        1
   b - Animate Skeleton               Necromancy                   1
   c - Summon Small Mammal            Summoning                    1
   d - Apportation                    Translocation                1
Comestibles
 d - 5 bread rations
 j - 3 fruits
 r - 4 chunks of flesh


   Skills:
 * Level 2.1 Short Blades
 - Level 2.4 Dodging
 + Level 4.2 Stealth
 + Level 3.6 Spellcasting
 + Level 4.4 Hexes
 + Level 1.2 Ice Magic


You had 6 spell levels left.
You knew the following spells:

 Your Spells              Type           Power        Failure   Level  Hunger
a - Corona                Hex            ###....      2%          1    None
b - Ensorcelled Hibernat  Hex/Ice        ##....       10%         2    ##.....


Dungeon Overview and Level Annotations

Branches:
Dungeon (3/15)

Altars:
Okawaru
Sif Muna

Annotations:
D:3 Grinder


Message History

This raw flesh tastes terrible.
Magic restored.
You continue eating. x2
Grinder comes into view.
Found 17 gold pieces.
Grinder shouts!
Casting: Ensorcelled Hibernation
Confirm with . or Enter, or press ? or * to list all spells.
You can't see any susceptible monsters within range! (Use Z to cast anyway.) Grinder gestures at you.
You suddenly lose the ability to move!
Grinder gestures at you. You resist with significant effort.
Grinder barely misses you. Grinder gestures at you.
Pain shoots through your body! Grinder hits you!
Ouch! That really hurt!
* * * LOW HITPOINT WARNING * * *
You writhe in agony.
You die...

)#.########
>..........
.#.########
.#.# .
...###### #.#
... .........
.. ...
..####### #.
.. #.#
#.######.#
#.####
#...@5...#
#....#
##....$..#
####.#
#.......#
##.#
##.####.#
..#.# #..# .#
#.#.#
######.###.##
#.#.#
#...........#
#.#<#
#...........#
#.###
#.......(...#


You could see Grinder.

Vanquished Creatures
  2 adders (D:2)
  An ooze (D:1)
  A giant cockroach (D:1)
  6 hobgoblins
  A quokka (D:3)
  5 bats
  3 giant geckos
  4 goblins
  4 kobolds
  10 rats
37 creatures vanquished.

Notes
Turn   | Place    | Note
--------------------------------------------------------------
     0 | D:1      | Minkie, the Deep Elf Enchanter, began the quest for the Orb.
     0 | D:1      | Reached XP level 1. HP: 10/10 MP: 5/5
   564 | D:1      | Reached XP level 2. HP: 15/15 MP: 6/8
   568 | D:1      | Learned a level 2 spell: Ensorcelled Hibernation
  1064 | D:2      | Reached XP level 3. HP: 19/19 MP: 11/11
  1288 | D:2      | Reached skill level 1 in Ice Magic
  1338 | D:2      | Found an iron altar of Okawaru.
  1338 | D:2      | Found a deep blue altar of Sif Muna.
  1793 | D:3      | Noticed Grinder
  1798 | D:3      | Paralysed by Grinder for 7 turns
  1803 | D:3      | Slain by Grinder

Action                   || total
-------------------------++-------
Melee: Dagger            ||    84
 Cast: Corona            ||     5
       Ensorcelled Hiber ||    23
 Stab: Sleeping          ||    24
  Eat: Chunk             ||     4
